 Dungeon Crawl Stone Soup version 0.27.1-33-g824d729ab1 (webtiles) character file.

Game seed: 4441138494792816566

3457 demibob the Cleaver (level 9, -2/81 HPs)
             Began as a Minotaur Chaos Knight on Dec 8, 2021.
             Was a Plaything of Xom.
             Slain by a vampire (4 damage)
             ... on level 9 of the Dungeon.
             The game lasted 00:14:35 (8435 turns).

demibob the Cleaver (Minotaur Chaos Knight)         Turns: 8435, Time: 00:14:36

Health: -2/81      AC: 14    Str: 20    XL:     9   Next: 78%
Magic:  8/8        EV:  6    Int: 11    God:    Xom [..*...]
Gold:   763        SH:  5    Dex: 16    Spells: 8/8 levels left

rFire    + . .     SeeInvis .   a - +1 broad axe
rCold    + . .     Faith    .   (no shield)
rNeg     . . .     Spirit   .   w - +0 plate armour
rPois    +         Reflect  +   (helmet restricted)
rElec    +         Harm     .   (no cloak)
rCorr    +         Rampage  .   (no gloves)
Will     .....     Clarity  +   h - +0 pair of boots
Stlth    ..........             f - amulet of reflection
HPRegen  0.23/turn              D - +6 ring of dexterity
MPRegen  0.11/turn              (no ring)

@: brilliant, resistant, unable to read, hasted, very quick
A: horns 2, retaliatory headbutt, talons 1, clarity, clever 1, high mp 1,
evolution 1, inability to read while threatened
a: Renounce Religion


You were on level 9 of the Dungeon.
You worshipped Xom.
You were a toy of Xom.
You visited 1 branch of the dungeon, and saw 9 of its levels.
You also visited: Sewer.

You collected 763 gold pieces.


Innate Abilities, Weirdness & Mutations

You have a pair of horns on your head.
You reflexively headbutt those who attack you in melee.
You have sharp toenails.
You possess an exceptional clarity of mind.
Your mind is acute. (Int +2)
You have an increased reservoir of magic. (+10% MP)
You evolve.
You sometimes lose the ability to read scrolls when taking damage.


   Skills:
 + Level 7.8 Fighting
 + Level 13.5 Axes
 + Level 7.3 Armour
 - Level 1.1 Dodging


You had 8 spell levels left.
You didn't know any spells.
Your spell library contained the following spells:

 Spells                   Type           Power      Damage    Failure   Level
 Foxfire                  Conj/Fire      0%         2x1d4     100%        1
 Conjure Flame            Conj/Fire      0%         6-21      100%        3
 Inner Flame              Hex/Fire       0%         N/A       100%        3
 Cause Fear               Hex            0%         N/A       100%        4
 Discord                  Hex            0%         N/A       100%        8

Inventory:

Hand Weapons
 a - a +1 broad axe (weapon)
 q - a +2 hand axe of electrocution
 s - a +0 hand axe of chaos
Missiles
 d - 51 poisoned darts (quivered)
 o - a throwing net {=f}
 B - a curare-tipped dart {=f}
Armour
 h - a +0 pair of boots (worn)
 w - a +0 plate armour (worn)
Jewellery
 f - an amulet of reflection (around neck)
 g - an amulet of regeneration
 D - a +6 ring of dexterity (left hand)
 E - a +4 ring of evasion
 M - a ring of magical power
Wands
 m - a wand of flame (39)
 n - a wand of paralysis (7)
Scrolls
 b - a scroll of amnesia
 p - 2 scrolls of enchant armour
 r - a scroll of teleportation {@r2}
 y - a scroll of immolation
Potions
 c - 2 potions of flight
 e - 3 potions of lignification
 i - 2 potions of ambrosia
 j - a potion of attraction
 u - 2 potions of magic
 v - 2 potions of cancellation

Dungeon Overview and Level Annotations

Branches:
Dungeon (9/15)             Temple (0/1) D:5           Sewer (visited)
   Lair: D:8-11         Orc: D:9-12

Altars:
Ashenzari
Cheibriados
Fedhas
Makhleb
Okawaru
Sif Muna
Wu Jian
Yredelemnul

Annotations:
D:4 1 runed translucent door, Dowan; Duvessa; SensoryNuts's ghost, amateur TrMo

#...##....##
#...#....##
##..#....##
#..##.##...#.
##.##...##...
#............
#..#........
####....##.#
##@..#
#V.......
......#..
.....###
##.....
#......
........
.........


You could see a vampire.


Message History

You barely miss the vampire.
You headbutt the vampire, but do no damage.
The vampire is severely damaged.
The vampire draws life force from you!
* * * LOW HITPOINT WARNING * * *
The vampire is healed by the life force!
You hit the vampire. Your headbutt misses the vampire.
The vampire is heavily damaged.
You barely miss the vampire.
The vampire is heavily damaged.
The vampire hits you but does no damage.
The vampire bites you but does no damage.
You hit the vampire. Your headbutt misses the vampire.
The vampire is severely damaged.
You hit the vampire but do no damage. You headbutt the vampire.
The vampire is severely damaged.
The vampire hits you but does no damage.
The vampire barely misses you.
You closely miss the vampire.
You headbutt the vampire, but do no damage.
The vampire is severely damaged.
The vampire draws life force from you!
* * * LOW HITPOINT WARNING * * *
The vampire is healed by the life force!
You slash the vampire!
The vampire is heavily damaged.
You hit the vampire but do no damage. You headbutt the vampire!
The vampire is almost destroyed.
The vampire completely misses you. The vampire bites you.
You die...

Skill      XL: |  1  2  3  4  5  6  7  8  9 |
---------------+----------------------------+-----
Axes           | 4 5 6 8 9 11 12 13 | 13.5
Fighting       | 5 7 |  7.8
Armour         | 5 7 |  7.3
Dodging        | |  1.1

Action                   |  1- 3 |  4- 6 |  7- 9 || total
-------------------------+-------+-------+-------++-------
Melee: Hand axe          |    65 |   122 |    18 ||   205
       Headbutt          |    12 |    25 |    62 ||    99
       Broad axe         |       |       |   318 ||   318
Throw: Dart              |       |     2 |       ||     2
  Use: Scroll            |     5 |     4 |     9 ||    18
       Potion            |     1 |       |    12 ||    13
 Stab: Sleeping          |       |     2 |       ||     2
       Paralysed         |       |       |     1 ||     1
       Invisible         |       |       |     2 ||     2
       Distracted        |       |       |     1 ||     1
Armor: Leather armour    |    31 |    40 |    74 ||   145
       Chain mail        |       |       |    51 ||    51
       Plate armour      |       |       |    22 ||    22
Dodge: Dodged            |    34 |    55 |   185 ||   274
Block: Other             |       |       |    25 ||    25

Levels and vault maps discovered:
D:1:      dpeg_arrival_shrine, layout_basic,
          shapermc_ecumenical_altar_mp_ritualfount, wad_floor_pattern_untrapped
D:2:      layout_rooms, serial_co_window_serial, co_window_paths_a,
          co_window_corner_a, co_window_paths_b, co_window_corner_a,
          co_window_paths_b, co_window_corner_ca, co_window_broadway_c,
          co_window_broadway_c, co_window_cross_3, co_window_2corner,
          co_window_4corner_a, co_window_paths_d, glass_columns_a,
          glass_columns_a, glass_columns_b, glass_columns_c, glass_columns_b
D:3:      layout_loops_corners, yredelemnul_forgotten_temple_becter,
          minivault_26, minmay_quadrilaterals
D:4:      layout_loops_corners, okawaru_altar_gauntlet_db, fedhas_altar_3,
          ebering_ghost_reflecting_pool, kennysheep_generic_room_4, uniq_duvessa
D:5:      layout_basic, mainiacjoe_overflow_small_starburst, temple_pool_b,
          grunt_ministairs_10, uniq_ijyb
D:6:      layout_loops_ring, nicolae_overflow_hidden_temple,
          gup_sewer_entry_bubbles
D:7:      layout_gridville, led_sif_pool, lightli_temple_of_fire,
          minmay_misc_feat_hallway, kennysheep_decorative_pillar, uniq_maggie,
          uniq_menkaure
D:8:      layout_basic, evilmike_ruin_ashenzari
D:9:      layout_cave_pools

Notes
Turn   | Place    | Note
-------+----------+-------------------------------------------
     0 | D:1      | demibob the Minotaur Chaos Knight began the quest for the
                  | Orb.
     0 | D:1      | Reached XP level 1. HP: 19/19 MP: 0/0
    14 | D:1      | XOM: divination: magic mapping
    80 | D:1      | Reached skill level 4 in Axes
   188 | D:1      | Reached XP level 2. HP: 25/26 MP: 1/1
   418 | D:1      | Found a faded altar of an unknown god.
   833 | D:1      | XOM: silly message
   920 | D:1      | XOM: noise
  1000 | D:1      | XOM: noise
  1037 | D:2      | Reached skill level 5 in Axes
  1045 | D:2      | Reached XP level 3. HP: 31/31 MP: 2/2
  1146 | D:2      | XOM: god gift: coppery potion {god gift}
  1499 | D:2      | Reached skill level 6 in Axes
  1499 | D:2      | Reached XP level 4. HP: 39/39 MP: 3/3
  1638 | D:2      | XOM: god gift: +6 ring of dexterity
  1757 | D:2      | XOM: god gift: 450 gold pieces
  2057 | D:3      | Found a basalt altar of Yredelemnul.
  2258 | D:3      | XOM is BORED!
  2258 | D:3      | XOM: noise
  2810 | D:4      | XOM: scenery: 2 doors open
  2862 | D:4      | Noticed Duvessa
  2862 | D:4      | Noticed Dowan
  2862 | D:4      | XOM: 4-stop teleportation journey
  2937 | D:4      | Found a blossoming altar of Fedhas.
  3001 | D:4      | Found a runed translucent door.
  3003 | D:4      | Noticed SensoryNuts's ghost (amateur TrMo)
  3060 | D:4      | XOM: fog
  3061 | D:4      | Reached XP level 5. HP: 45/45 MP: 4/4
  3067 | D:4      | XOM: cloud trail
  3306 | D:4      | Reached skill level 7 in Axes
  3551 | D:4      | Found an iron altar of Okawaru.
  3649 | D:5      | Entered Level 5 of the Dungeon
  3659 | D:5      | XOM: summons 2 friendly demons
  3688 | D:5      | Found a staircase to the Ecumenical Temple.
  3692 | D:5      | Noticed Ijyb
  3705 | D:5      | Killed Ijyb
  3752 | D:5      | Reached skill level 8 in Axes
  3766 | D:5      | Noticed an ogre
  3770 | D:5      | Killed an ogre
  3771 | D:5      | Reached XP level 6. HP: 51/51 MP: 5/5
  3798 | D:5      | XOM: cloud trail
  3825 | D:5      | Reached skill level 9 in Axes
  3913 | D:5      | XOM: god gift: staff of death
  3982 | D:5      | Reached XP level 7. HP: 41/57 MP: 6/6
  4151 | D:5      | Found a snail-covered altar of Cheibriados.
  4385 | D:6      | Reached skill level 10 in Axes
  4388 | D:6      | XOM: give mutations
  4388 | D:6      | Gained mutation: You evolve. [Xom's grace]
  4388 | D:6      | Gained mutation: Your system is resistant to poisons.
                  | (rPois) [Xom's grace]
  4388 | D:6      | Gained mutation: You possess an exceptional clarity of
                  | mind. [Xom's grace]
  4564 | D:6      | Found an ornate altar of the Wu Jian Council.
  4572 | D:6      | XOM: cleaving
  4679 | D:6      | Reached skill level 11 in Axes
  4707 | D:6      | Found a glowing drain.
  4718 | Sewer    | Entered a sewer
  4748 | Sewer    | XOM: scenery: 1 doors open
  4944 | Sewer    | Reached XP level 8. HP: 64/64 MP: 7/7
  5305 | D:6      | Reached skill level 12 in Axes
  5521 | D:6      | Reached skill level 4 in Fighting
  5521 | D:6      | Reached skill level 3 in Armour
  5585 | D:6      | Gained mutation: You are strong-willed. (Will+) [evolution]
  5620 | D:6      | XOM: polymorph ice beast -> tengu
  5625 | D:6      | Reached skill level 4 in Armour
  5828 | D:7      | XOM: destruction
  5831 | D:7      | Reached skill level 5 in Fighting
  5877 | D:7      | XOM: enchant monster (good)
  5990 | D:7      | XOM: scenery: 1 doors open
  5994 | D:7      | XOM: god gift: staff of earth
  6006 | D:7      | Reached skill level 5 in Armour
  6006 | D:7      | Reached XP level 9. HP: 33/72 MP: 8/8
  6007 | D:7      | XOM: summons 9 friendly demons
  6219 | D:7      | Noticed Menkaure
  6226 | D:7      | Noticed Maggie
  6236 | D:7      | Killed Menkaure
  6237 | D:7      | Reached skill level 6 in Fighting
  6349 | D:7      | XOM: give mutations
  6349 | D:7      | Gained mutation: You sometimes lose the ability to read
                  | scrolls when taking damage. [Xom's mischief]
  6349 | D:7      | Gained mutation: Your body sometimes deteriorates upon
                  | taking damage. [Xom's mischief]
  6542 | D:7      | XOM: scenery: summon butterflies
  6705 | D:7      | XOM: give mutations
  6705 | D:7      | Gained mutation: You have sharp toenails. [Xom's grace]
  6705 | D:7      | Gained mutation: Your mind is acute. (Int +2) [Xom's grace]
  6741 | D:7      | XOM: summons friendly rust devil
  6916 | D:7      | Killed Maggie
  6917 | D:7      | Reached skill level 13 in Axes
  6917 | D:7      | Reached skill level 6 in Armour
  7012 | D:7      | XOM: noise
  7140 | D:7      | Found a burning altar of Makhleb.
  7163 | D:7      | XOM: noise
  7175 | D:7      | Identified the +1 chain mail of Yzxetumpe {rF+ Int+2}
  7217 | D:7      | Found a shimmering blue altar of Sif Muna.
  7534 | D:8      | Found a broken altar of Ashenzari.
  7625 | D:8      | Reached skill level 7 in Fighting
  7785 | D:8      | XOM: cast spell 'Dispersal'
  8009 | D:8      | XOM: polymorph orc warrior -> shapeshifter
  8016 | D:8      | Reached skill level 7 in Armour
  8369 | D:8      | Identified the +7 mace of Woget {venom, rElec rCorr}
  8422 | D:9      | Identified a potion of resistance
  8423 | D:9      | Lost mutation: Your body sometimes deteriorates upon taking
                  | damage. [potion of mutation]
  8423 | D:9      | Lost mutation: Your system is resistant to poisons. (rPois)
                  | [potion of mutation]
  8423 | D:9      | Lost mutation: You are strong-willed. (Will+) [potion of
                  | mutation]
  8423 | D:9      | Gained mutation: You have an increased reservoir of magic.
                  | (+10% MP) [potion of mutation]
  8423 | D:9      | HP: 8/81 [something (1)]
  8433 | D:9      | HP: 2/81 [vampire/vampiric draining (15)]
  8435 | D:9      | Slain by a vampire

Vanquished Creatures
  Maggie (D:7)
  A raiju (shapeshifter) (D:8)
  A steam dragon (D:8)
  Menkaure (D:7)
  An acid dragon (D:6)
  A water moccasin (D:8)
  A sky beast (D:6)
  4 centaurs
  An ogre (D:5)
  A tengu (D:6)
  A phantom (D:6)
  3 kobold brigands
  2 bullfrogs
  2 gnoll sergeants
  2 scorpions
  4 wights (D:7)
  An electric eel (D:8)
  3 jellies
  4 centaur zombies
  A hound (D:6)
  A centaur skeleton (D:6)
  7 orc priests
  Ijyb (D:5)
  4 iguanas
  3 orc wizards
  2 howler monkey skeletons
  14 adders
  11 gnolls
  7 river rats (Sewer)
  2 shadow imps
  A white imp (D:6)
  An adder skeleton (D:5)
  2 worms
  4 dart slugs
  24 orcs
  3 bats (D:1)
  4 endoplasms
  A giant cockroach (D:2)
  8 goblins
  7 hobgoblins
  25 kobolds
  4 quokkas
  10 ball pythons
  4 frilled lizards
  A quokka skeleton (D:4)
  27 rats
  A spectral orc (D:3)
215 creatures vanquished.

Vanquished Creatures (collateral kills)
  A wight (D:7)
  A jelly (D:5)
2 creatures vanquished.

Vanquished Creatures (others)
  A gnoll (D:8)
  A fungus (D:1)
2 creatures vanquished.

Grand Total: 219 creatures vanquished

Table legend: (Time is in decaauts)
 A = Elapsed time spent in this place.
 B = Non-inter-level travel time spent in this place.
 C = Inter-level travel time spent in this place.
 D = Time resting spent in this place.
 E = Time spent auto-exploring this place.
 F = Levels seen in this place.
 G = Mean time per level.
                   A        B        C        D        E       F      G
               +--------+--------+--------+--------+--------+-----+--------+
         Total |   8470 |   8131 |    339 |    416 |   6149 |  10 |  847.0 |
       Dungeon |   7928 |   7589 |    339 |    416 |   5821 |   9 |  880.9 |
         Sewer |    542 |    542 |      0 |      0 |    328 |   1 |  542.0 |
               +--------+--------+--------+--------+--------+-----+--------+

Top non-repeatable levels by time:
     D:7: 1545 daAuts
     D:8: 1012 daAuts
     D:1: 1011 daAuts
     D:6: 969 daAuts
     D:2: 953 daAuts
     D:4: 881 daAuts
     D:3: 807 daAuts
     D:5: 709 daAuts
   Sewer: 542 daAuts
     D:9: 37 daAuts

Table legend:
 A = Non-vault XP
 B = Vault XP
 C = Vault XP percentage of total XP
 D = Non-vault monster count
 E = Vault monster count
 F = Vault count percentage of total count
                 A         B        C        D         E       F
            +---------+---------+-------+---------+---------+-------
      Total |    3976 |     963 |  19.5 |     146 |      71 |  32.7
            +---------+---------+-------+---------+---------+-------
        D:1 |      34 |       0 |   0.0 |      20 |       0 |   0.0
        D:2 |      68 |       0 |   0.0 |      13 |       0 |   0.0
        D:3 |      52 |       8 |  13.3 |      19 |       5 |  20.8
        D:4 |      76 |      23 |  23.2 |       9 |       6 |  40.0
        D:5 |     482 |      84 |  14.8 |      22 |       3 |  12.0
        D:6 |    1044 |      48 |   4.4 |      23 |       7 |  23.3
        D:7 |     969 |     412 |  29.8 |      19 |       2 |   9.5
        D:8 |    1251 |       0 |   0.0 |      21 |       0 |   0.0
      Sewer |       0 |     388 | 100.0 |       0 |      48 | 100.0
            +---------+---------+-------+---------+---------+-------
